 Dungeon Crawl Stone Soup version 0.27.1-1-g398f81649c (webtiles) character file.

Game seed: 3736307811040879941

4 MisterFreud the Magician (level 1, 0/18 HPs)
             Began as a Gnoll Wanderer on Sept 20, 2021.
             Was a Follower of Hepliaklqana.
             Slain by a hobgoblin (3 damage)
             ... on level 2 of the Dungeon.
             The game lasted 00:00:49 (153 turns).

MisterFreud the Magician (Gnoll Wanderer)            Turns: 153, Time: 00:00:50

Health: 0/18       AC:  2    Str: 11    XL:     1   Next: 70%
Magic:  6/6        EV: 11    Int: 12    God:    Hepliaklqana [*.....]
Gold:   0          SH:  0    Dex: 10    Spells: 9/9 levels left

rFire    . . .     SeeInvis .   a - +0 club
rCold    . . .     Faith    .   (no shield)
rNeg     . . .     Spirit   .   b - +0 robe
rPois    .         Reflect  .   (no helmet)
rElec    .         Harm     .   (no cloak)
rCorr    .         Rampage  .   (no gloves)
Will     .....                  (no boots)
Stlth    ++........             (no amulet)
HPRegen  0.06/turn              (no ring)
MPRegen  0.10/turn              (no ring)

@: no status effects
A: reduced essence, fangs 1, strong nose, distributed training
a: Renounce Religion, Recall Ancestor, Ancestor Identity


You were on level 2 of the Dungeon.
You worshipped Hepliaklqana.
Hepliaklqana was aware of your devotion.
You visited 1 branch of the dungeon, and saw 2 of its levels.

Inventory:

Hand Weapons
 a - a +0 club (weapon)
Armour
 b - a +0 robe (worn)
Potions
 c - a potion of haste {unknown}


   Skills:
 + Level 4.4 Fighting
 + Level 0.1 Short Blades
 + Level 0.1 Long Blades
 + Level 0.1 Axes
 + Level 0.1 Maces & Flails
 + Level 0.1 Polearms
 + Level 0.1 Staves
 + Level 0.1 Slings
 + Level 0.1 Bows
 + Level 4.4 Crossbows
 + Level 2.4 Throwing
 + Level 2.4 Armour
 + Level 0.1 Dodging
 + Level 2.2 Stealth
 + Level 0.1 Shields
 + Level 0.1 Unarmed Combat
 + Level 4.9 Spellcasting
 + Level 0.1 Conjurations
 + Level 2.0 Hexes
 + Level 0.1 Summonings
 + Level 0.1 Necromancy
 + Level 0.1 Translocations
 + Level 0.1 Transmutations
 + Level 0.1 Fire Magic
 + Level 0.1 Ice Magic
 + Level 0.1 Air Magic
 + Level 0.1 Earth Magic
 + Level 0.1 Poison Magic
 + Level 0.2 Invocations
 + Level 0.1 Evocations


You had 9 spell levels left.
You didn't know any spells.
Your spell library contained the following spells:

 Spells                   Type           Power      Damage    Failure   Level
 Corona                   Hex            7%         N/A       9%          1
 Apportation              Tloc           6%         N/A       19%         1
 Ensorcelled Hibernation  Hex/Ice        10%        N/A       21%         2
 Confusing Touch          Hex            7%         N/A       26%         3
 Tukima's Dance           Hex            7%         N/A       26%         3
 Corpse Rot               Necr/Air       N/A        N/A       28%         2
 Sublimation of Blood     Necr           1%         N/A       28%         2
 Dazzling Flash           Conj/Hex       10%        N/A       36%         3
 Portal Projectile        Hex/Tloc       10%        N/A       36%         3


Dungeon Overview and Level Annotations

Branches:
Dungeon (2/15)

Altars:
Hepliaklqana


Innate Abilities, Weirdness & Mutations

Your life essence is reduced to manifest your ancestor. (-10% HP)
You have very sharp teeth.
Your uncanny sense of smell can sniff out nearby items.
Your experience applies equally to all skills.


Message History

The kobold hits you with a +0 dagger. The kobold closely misses you.
You hit the kobold.
You kill the kobold!
You hit the goblin.
You kill the goblin!
The kobold throws a stone.
The stone closely misses you.
Your Hexes skill increases to level 2!
You hit the hobgoblin but do no damage. The hobgoblin hits you.
You hit the hobgoblin but do no damage. The hobgoblin closely misses you.
The hobgoblin hits you but does no damage.
You barely miss the hobgoblin.
The hobgoblin hits you but does no damage.
You barely miss the hobgoblin. The hobgoblin closely misses you.
You closely miss the hobgoblin. Your bite misses the hobgoblin.
The endoplasm quivers.
The hobgoblin hits you. The hobgoblin barely misses you.
You hit the hobgoblin.
The hobgoblin is heavily wounded.
The hobgoblin barely misses you.
Found a stone staircase leading down.
Unknown command.
The kobold throws a stone.
The stone hits you but does no damage.
A bat comes into view.
There is a stone staircase leading down here.
The hobgoblin barely misses you.
You climb downwards.
Found an escape hatch in the ceiling and an escape hatch in the floor.
There is a stone staircase leading up here.
You hit the hobgoblin but do no damage.
The hobgoblin is moderately wounded.
The hobgoblin hits you.
* * * LOW HITPOINT WARNING * * *
You hit the hobgoblin.
The hobgoblin is severely wounded.
The hobgoblin hits you.
* * * LOW HITPOINT WARNING * * *
You closely miss the hobgoblin.
The hobgoblin is severely wounded.
The hobgoblin hits you.
You die...

##. .. ##.####
..#.. ##....
##.#....######
#............##
#...@.......
##..g.......
###<..##.#.
#...# #....
#....# #..>..
#......


You could see a hobgoblin.

Vanquished Creatures
  A goblin (D:1)
  A kobold (D:1)
  A bat (D:1)
  A frilled lizard (D:1)
  A rat (D:1)
5 creatures vanquished.

Vanquished Creatures (others)
  An ancestor (D:1)
1 creature vanquished.

Grand Total: 6 creatures vanquished

Notes
Turn   | Place    | Note
-------+----------+-------------------------------------------
     0 | D:1      | MisterFreud the Gnoll Wanderer began the quest for the Orb.
     0 | D:1      | MisterFreud set off with the following items: a +0 club, a
                  | +0 robe; and the following spells available to memorise:
                  | Corona, Apportation, Ensorcelled Hibernation, Confusing
                  | Touch, Tukima's Dance, Corpse Rot, Sublimation of Blood,
                  | Dazzling Flash, Portal Projectile
     0 | D:1      | Reached XP level 1. HP: 20/20 MP: 6/6
    96 | D:1      | Found a faded altar of an unknown god.
   110 | D:1      | Became a worshipper of Hepliaklqana the Forgotten
   110 | D:1      | Reached * piety under Hepliaklqana
   153 | D:2      | Slain by a hobgoblin

Illustrated notes

Levels and vault maps discovered:
D:1:      psy_arrival_terrarium, layout_basic,
          hellmonk_ecumenical_altar_lost_god, chequers_serial_rivers_micro_e,
          nrook_loot_triangle, minmay_statues_item
D:2:      minmay_chambers_of_twos, layout_loops_ring, patterned_corridor

Skill      XL: |  1 |
---------------+----+-----
Hexes          | 2 |  2.0
Fighting       | |  4.4
Short Blades   | |  0.1
Long Blades    | |  0.1
Axes           | |  0.1
Maces & Flails | |  0.1
Polearms       | |  0.1
Staves         | |  0.1
Slings         | |  0.1
Bows           | |  0.1
Crossbows      | |  4.4
Throwing       | |  2.4
Armour         | |  2.4
Dodging        | |  0.1
Stealth        | |  2.2
Shields        | |  0.1
Unarmed Combat | |  0.1
Spellcasting   | |  4.9
Conjurations   | |  0.1
Summonings     | |  0.1
Necromancy     | |  0.1
Translocations | |  0.1
Transmutations | |  0.1
Fire Magic     | |  0.1
Ice Magic      | |  0.1
Air Magic      | |  0.1
Earth Magic    | |  0.1
Poison Magic   | |  0.1
Invocations    | |  0.2
Evocations     | |  0.1

Action                   || total
-------------------------++-------
Melee: Club              ||    29
       Bite              ||     1
Armor: Robe              ||    10
Dodge: Dodged            ||    23
